 Dungeon Crawl Stone Soup version 0.32-a0-960-g3814254bd7 (webtiles) character file.

Game seed: 16964460900744830414

353 trashops the Chopper (level 6, -7/53 HPs)
             Began as a Mountain Dwarf Fighter on Apr 17, 2024.
             Was an Initiate of Okawaru.
             Mangled by a wyvern (11 damage)
             ... on level 4 of the Dungeon.
             The game lasted 00:04:27 (3064 turns).

trashops the Chopper (Mountain Dwarf Fighter)       Turns: 3064, Time: 00:04:27

Health: -7/53      AC:  9    Str: 20    XL:     6   Next: 35%
Magic:  6/6        EV:  8    Int:  9    God:    Okawaru [......]
Gold:   211        SH:  4    Dex:  9    Spells: 5/5 levels left

rFire   . . .        a - +0 war axe
rCold   . . .        c - +0 buckler
rNeg    . . .        b - +0 scale mail
rPois   .            l - +0 helmet
rElec   .            d - +0 cloak
rCorr   .            (no gloves)
SInv    .            (no boots)
Will    .....        (no amulet) Stlth
                     (no ring)
HPRegen 0.28/turn    (no ring)
MPRegen 0.10/turn

%: no passive effects
@: brilliant
A: runic magic, artefact enchanting
a: Renounce Religion


You were on level 4 of the Dungeon.
You worshipped Okawaru.
Okawaru was noncommittal.
You visited 1 branch of the dungeon, and saw 4 of its levels.

You collected 211 gold pieces.

Inventory:

Hand Weapons
 a - a +0 war axe (weapon)
Armour
 b - a +0 scale mail (worn)
 c - a +0 buckler (worn)
 d - a +0 cloak (worn)
 i - a scarf of resistance
 l - a +0 helmet (worn)
Jewellery
 f - a ring of positive energy
 h - an amulet of magic regeneration
 o - a ring of resist corrosion
Wands
 k - a wand of flame (31)
Scrolls
 e - 2 scrolls of teleportation {unknown}
 j - 4 scrolls of identify {unknown}
 m - a scroll of fog {unknown}
 n - a scroll of silence {unknown}
Potions
 g - 2 potions of brilliance
 p - a potion of curing
 q - a potion of berserk rage {unknown}


   Skills:
 * Level 4.4 Fighting
 * Level 6.3 Axes
 * Level 4.6 Armour
 + Level 3.7 Shields


You had 5 spell levels left.
You didn't know any spells.
Your spell library contained the following spells:

 Spells                   Type           Power      Damage    Failure   Level
 Magic Dart               Conj           0%         1d3       54%         1
 Blink                    Tloc           0%         N/A       67%         2
 Lesser Beckoning         Tloc           0%         N/A       67%         2
 Momentum Strike          Conj/Tloc      0%         3d8       67%         2
 Call Imp                 Summ           Unusable   N/A       N/A         2

Dungeon Overview and Level Annotations

Branches:
Dungeon (4/15)
 Temple: D:4-7

Altars:
Ashenzari
Okawaru
Trog


Innate Abilities, Weirdness & Mutations

Your spellcasting is much less encumbered by armour.
You can use scrolls of enchantment on lesser artefacts.


Message History

You open the door.
Found 5 stones.
There is an open door here.
You see here 5 stones.
You open the door.
A wyvern comes into view.
The wyvern hisses angrily.
You hit the wyvern.
The wyvern is lightly wounded.
You block the wyvern's attack. The wyvern bites you!
You slash the wyvern!
The wyvern is moderately wounded.
The wyvern bites you but does no damage.
The wyvern bites you.
You closely miss the wyvern.
The wyvern is moderately wounded.
The wyvern bites you but does no damage.
The wyvern barely misses you.
You hit the wyvern but do no damage.
The wyvern is moderately wounded.
The wyvern bites you but does no damage.
The wyvern bites you!
You barely miss the wyvern.
The wyvern is moderately wounded.
The wyvern bites you!
* * * LOW HITPOINT WARNING * * *
The wyvern bites you!
* * * LOW HITPOINT WARNING * * *
You slash the wyvern!
The wyvern is severely wounded.
You block the wyvern's attack.
It was a potion of brilliance.
You feel clever all of a sudden. You block the wyvern's attack.
The wyvern closely misses you.
It was a potion of curing.
You feel better. The wyvern bites you!
* * * LOW HITPOINT WARNING * * *
You hit the wyvern but do no damage.
The wyvern is severely wounded.
The wyvern bites you!
You die...

#.# #.#
####.## .....#
....# ... #k#
#@# #.# #.#
#.# #(# #.#
#######.##
#####........#
#............#


You could see a wyvern.

Vanquished Creatures
  A scorpion (D:4)
  2 hounds (D:4)
  Crazy Yiuf (D:2)
  Jessica (D:2)
  2 orc wizards (D:3)
  Robin (D:2)
  2 adders
  A ribbon worm (D:2)
  4 dart slugs (D:1)
  9 orcs
  11 ball pythons
  2 endoplasms
  18 goblins
  9 hobgoblins
  2 jackals (D:2)
  A quokka (D:1)
  4 bats
  6 frilled lizards
  8 kobolds
  2 rats
87 creatures vanquished.

Notes
Turn   | Place    | Note
-------+----------+-------------------------------------------
     0 | D:1      | trashops the Mountain Dwarf Fighter began the quest for the
                  | Orb.
     0 | D:1      | Reached XP level 1. HP: 19/19 MP: 1/1
   176 | D:1      | Reached XP level 2. HP: 22/26 MP: 2/2
   199 | D:1      | Reached skill level 3 in Axes
   489 | D:1      | Reached XP level 3. HP: 33/33 MP: 3/3
   982 | D:2      | Noticed Robin
   987 | D:2      | Reached skill level 4 in Axes
   997 | D:2      | Killed Robin
   998 | D:2      | Reached XP level 4. HP: 26/40 MP: 4/4
  1130 | D:2      | Noticed Jessica
  1141 | D:2      | Killed Jessica
  1285 | D:2      | Found a runed translucent door.
  1286 | D:2      | Noticed Crazy Yiuf
  1765 | D:2      | Killed Crazy Yiuf
  1766 | D:2      | Reached XP level 5. HP: 37/46 MP: 5/5
  2029 | D:3      | Reached skill level 5 in Axes
  2351 | D:3      | Found a bloodstained altar of Trog.
  2352 | D:3      | Found a broken altar of Ashenzari.
  2425 | D:3      | Identified the +8 dagger "Ninanuicw" {spect, rPois rF+
                  | Will+ Str+2}
  2589 | D:4      | Found an iron altar of Okawaru.
  2598 | D:4      | Reached XP level 6. HP: 37/53 MP: 6/6
  2631 | D:4      | Reached skill level 6 in Axes
  2637 | D:4      | Became a worshipper of Warmaster Okawaru
  3055 | D:4      | Noticed a wyvern
  3064 | D:4      | Mangled by a wyvern

Illustrated notes

Levels and vault maps discovered:
D:1:      orjb1_clovarrival, layout_basic, minmay_vboxes
D:2:      layout_basic, uniq_jessica, uniq_crazy_yiuf_cottage, uniq_robin
D:3:      layout_loops_cross, grunt_temple_overflow_open
D:4:      layout_basic, okawaru_metal_pillars_1_2, grunt_ministairs_8,
          uniq_blork_the_orc

Skill      XL: |  1  2  3  4  5  6 |
---------------+-------------------+-----
Axes           | 3 4 5 6 |  6.3
Fighting       | 4 |  4.4
Armour         | 4 |  4.6
Shields        | |  3.7

Action                     |  1- 3 |  4- 6 || total
---------------------------+-------+-------++-------
  Melee: War axe           |   110 |   126 ||   236
    Use: Potion            |       |     3 ||     3
 Armour: Scale mail        |   107 |   130 ||   237
  Dodge: Dodged            |    49 |    45 ||    94
  Block: Buckler           |    27 |    36 ||    63

Table legend: (Time is in decaauts)
 A = Elapsed time spent in this place.
 B = Non-inter-level travel time spent in this place.
 C = Inter-level travel time spent in this place.
 D = Time resting spent in this place.
 E = Time spent auto-exploring this place.
 F = Levels seen in this place.
 G = Mean time per level.
                   A        B        C        D        E       F      G
               +--------+--------+--------+--------+--------+-----+--------+
         Total |   3157 |   3015 |    142 |    176 |   2199 |   4 |  789.2 |
       Dungeon |   3157 |   3015 |    142 |    176 |   2199 |   4 |  789.2 |
               +--------+--------+--------+--------+--------+-----+--------+

Top non-repeatable levels by time:
     D:2: 1060 daAuts
     D:1: 926 daAuts
     D:3: 660 daAuts
     D:4: 510 daAuts
